 Dungeon Crawl Stone Soup version 0.30-a0-723-gc1506a1cf0 (webtiles) character file.

Game seed: 4520190789069602247

87 Darius099 the Conjurer (level 4, 0/30 HPs)
             Began as a Human Conjurer on Jan 28, 2023.
             Slain by a scorpion (7 damage)
             ... on level 2 of the Dungeon.
             The game lasted 00:14:04 (3583 turns).

Darius099 the Conjurer (Human Conjurer)             Turns: 3583, Time: 00:14:05

Health: 0/30       AC:  2    Str:  7    XL:     4   Next: 80%
Magic:  4/8        EV: 12    Int: 21    God:
Gold:   143        SH:  0    Dex: 11    Spells: 2/9 levels left

rFire   . . .      SeeInvis .    d - +0 whip
rCold   . . .      Faith    .    (no shield)
rNeg    . . .      Spirit   .    a - +0 robe
rPois   +          Reflect  .    (no helmet)
rElec   .          Harm     .    (no cloak)
rCorr   .          Rampage  .    (no gloves)
Will    .....                    (no boots)
Stlth   ++                       s - amulet of regeneration
HPRegen 1.05/turn                o - ring of poison resistance
MPRegen 0.11/turn                (no ring)

@: lethally poisoned (0 -> -1)
A: no striking features
a: no special abilities


You were on level 2 of the Dungeon.
You visited 1 branch of the dungeon, and saw 3 of its levels.

You collected 143 gold pieces.

Inventory:

Hand Weapons
 d - a +0 whip (weapon)
Armour
 a - a +0 robe (worn)
Jewellery
 o - a ring of poison resistance (left hand)
 s - an amulet of regeneration (around neck)
Wands
 l - a wand of light (4)
Scrolls
 f - 2 scrolls of noise {unknown}
 g - a scroll of enchant weapon {unknown}
 i - a scroll of blinking {unknown}
 j - a scroll of summoning {unknown}
 m - 2 scrolls of brand weapon {unknown}
 n - 2 scrolls of fog {unknown}
 p - a scroll of poison {unknown}
 q - 2 scrolls of identify {unknown}
 t - a scroll of teleportation {unknown}
Potions
 e - 2 potions of haste {unknown}
 h - a potion of brilliance {unknown}
 k - a potion of mutation {unknown}
 r - a potion of flight {unknown}


   Skills:
 - Level 2.1 Dodging
 - Level 2.1 Stealth
 + Level 3.2 Spellcasting
 + Level 4.9 Conjurations


You had 2 spell levels left.
You knew the following spells:

 Your Spells              Type           Power      Damage    Failure   Level
a - Magic Dart            Conj           96%        1d7       1%          1
b - Fulminant Prism       Conj/Hex       6%         3d7       43%         4
c - Searing Ray           Conj           48%        2d6       2%          2

Your spell library contained the following spells:

 Spells                   Type           Power      Damage    Failure   Level
 Slow                     Hex            12%        N/A       13%         1
 Sublimation of Blood     Necr           3%         N/A       21%         2
 Wereblood                Tmut           3%         N/A       21%         2
 Dazzling Flash           Conj/Hex       26%        N/A       14%         3
 Confusing Touch          Hex            3%         N/A       36%         3
 Frozen Ramparts          Ice            6%         1d1       36%         3
 Vampiric Draining        Necr           3%         2d6       36%         3
 Iskenderun's Mystic Bla  Conj/Tloc      13%        2d5       43%         4
 Ice Form                 Ice/Tmut       3%         N/A       78%         4
 Summon Ice Beast         Ice/Summ       3%         N/A       78%         4
 Summon Hydra             Summ           1%         N/A       100%        7


Dungeon Overview and Level Annotations

Branches:
Dungeon (3/15)

Altars:

Shops:
D:2 [(*   D:3 ::*[

Annotations:
D:2 Grinder


Message History

* * * LOW HITPOINT WARNING * * *
You feel better. The scorpion stings you. Magic courses through your body.
The scorpion closely misses you.
Casting: Magic Dart (safe; 1% risk of failure)
Confirm with . or Enter, or press ? or * to list all spells.
Aiming: Magic Dart (safe; 1% risk of failure)
Press: ? - help, Shift-Dir - straight line, f/p - scorpion
Aim: a scorpion (heavily wounded, 100% to hit)
The magic dart hits the scorpion but does no damage.
The scorpion is heavily wounded.
The scorpion barely misses you. The scorpion stings you.
Casting: Magic Dart (safe; 1% risk of failure)
Confirm with . or Enter, or press ? or * to list all spells.
Aiming: Magic Dart (safe; 1% risk of failure)
Press: ? - help, Shift-Dir - straight line, f/p - scorpion
Aim: a scorpion (moderately wounded, 100% to hit)
The magic dart hits the scorpion.
The scorpion is severely wounded.
The scorpion stings you.
You are poisoned.
The scorpion poisons you!
Casting: Magic Dart (safe; 1% risk of failure)
Confirm with . or Enter, or press ? or * to list all spells.
Aiming: Magic Dart (safe; 1% risk of failure)
Press: ? - help, Shift-Dir - straight line, f/p - scorpion
Aim: a scorpion (severely wounded, 100% to hit)
The magic dart hits the scorpion but does no damage.
The scorpion is severely wounded.
You feel very sick. The scorpion misses you.
Casting: Magic Dart (safe; 1% risk of failure)
Confirm with . or Enter, or press ? or * to list all spells.
Aiming: Magic Dart (safe; 1% risk of failure)
Press: ? - help, Shift-Dir - straight line, f/p - scorpion
Aim: a scorpion (severely wounded, 100% to hit)
The magic dart hits the scorpion.
The scorpion is almost dead.
You feel very sick. The scorpion stings you!
You die...

#.# #.####
###############.# #.....
#.............#.#####.####
##.##########.#..........#
#.#........#.#.#####.##.#
#.#.######)#.#[# #.##.#
#.#.#....#.#.#.# #.##..
#.#.#.##s#.#.#.# #>##..
#.#5#.##@#.#.#.#####.##..
#.#.#.##.#.#.#........#..
#.#.#.##.#.#.#######.....
#.#.#....................
#.#.####.#.#.######......
#.#......#.#.# #.)#...
#.########.#.# #......
#..........#.# #....#.
############.# #######.#.


You could see a scorpion.

Vanquished Creatures
  2 adders (D:3)
  A worm (D:3)
  A dart slug (D:2)
  10 ball pythons
  3 endoplasms
  3 giant cockroaches
  9 goblins
  7 hobgoblins
  A jackal (D:1)
  7 kobolds
  7 bats
  7 frilled lizards
  5 rats
63 creatures vanquished.

Vanquished Creatures (others)
  A plant (D:1)
1 creature vanquished.

Grand Total: 64 creatures vanquished

Notes
Turn   | Place    | Note
-------+----------+-------------------------------------------
     0 | D:1      | Darius099 the Human Conjurer began the quest for the Orb.
     0 | D:1      | Reached XP level 1. HP: 13/13 MP: 3/3
   234 | D:1      | Reached XP level 2. HP: 19/19 MP: 1/5
   616 | D:1      | Reached XP level 3. HP: 24/24 MP: 3/6
  1475 | D:2      | Found Qidexuqato's Antique Armour Shop.
  1553 | D:2      | Found Wifooluy's Assorted Antiques.
  1621 | D:2      | Found Noryfuvi's Antique Weapon Shoppe.
  2183 | D:2      | Reached XP level 4. HP: 30/30 MP: 2/8
  2573 | D:3      | Found Womotu's Assorted Antiques.
  2610 | D:3      | Found Idifriuts's Antique Armour Emporium.
  2775 | D:3      | Found Lugibiram's Book Boutique.
  2886 | D:3      | Noticed Grinder
  2896 | D:3      | Found Toklit's Book Shop.
  2999 | D:2      | Learned a level 4 spell: Fulminant Prism
  3189 | D:3      | Paralysed by Grinder for 2 turns
  3194 | D:2      | Paralysed by Grinder for 4 turns
  3258 | D:2      | Paralysed by Grinder for 2 turns
  3262 | D:2      | Paralysed by Grinder for 3 turns
  3461 | D:3      | Learned a level 2 spell: Searing Ray
  3542 | D:3      | Noticed a scorpion
  3583 | D:2      | Slain by a scorpion

Illustrated notes

Levels and vault maps discovered:
D:1:      eino_arrival_water_cross, layout_loops_ring,
          chequers_serial_rivers_small_3, minmay_misc_feat_tower,
          minmay_misc_feat_cross, hangedman_feature_mirror,
          chequers_mini_garden, minivault_5
D:2:      layout_basic, serial_shops, nicolae_shop_statue_plus, shop, shop
D:3:      layout_basic, serial_shops, shop_statue, shop_fountains,
          nicolae_shop_statue_plus, nicolae_diamond_shop,
          nicolae_ecumenical_snake_handling, minivault_4, uniq_grinder

Skill      XL: |  1  2  3  4 |
---------------+-------------+-----
Spellcasting   | 3 |  3.2
Dodging        | |  2.1
Stealth        | |  2.1
Conjurations   | |  4.9

Action                     |  1- 3 |  4- 6 || total
---------------------------+-------+-------++-------
  Melee: Whip              |    33 |     8 ||    41
   Cast: Magic Dart        |    90 |    69 ||   159
         Searing Ray       |       |     5 ||     5
    Use: Potion            |       |     3 ||     3
 Armour: Robe              |    16 |     5 ||    21
  Dodge: Dodged            |    33 |    29 ||    62

Table legend: (Time is in decaauts)
 A = Elapsed time spent in this place.
 B = Non-inter-level travel time spent in this place.
 C = Inter-level travel time spent in this place.
 D = Time resting spent in this place.
 E = Time spent auto-exploring this place.
 F = Levels seen in this place.
 G = Mean time per level.
                   A        B        C        D        E       F      G
               +--------+--------+--------+--------+--------+-----+--------+
         Total |   3591 |   3509 |     82 |    641 |   1792 |   3 | 1197.0 |
       Dungeon |   3591 |   3509 |     82 |    641 |   1792 |   3 | 1197.0 |
               +--------+--------+--------+--------+--------+-----+--------+

Top non-repeatable levels by time:
     D:1: 1461 daAuts
     D:2: 1325 daAuts
     D:3: 805 daAuts
